 Dungeon Crawl Stone Soup version 0.31-a0-277-g31ea1f65cc (webtiles) character file.

Game seed: 14366253422703084970

2125 zazu2006 the Chucker (level 9, -3/65 HPs)
             Began as a Gnoll Wanderer on July 15, 2023.
             Was a Follower of Vehumet.
             Slain by Pikel
             ... wielding a +1 whip of electrocution
              (9 damage)
             ... on level 6 of the Dungeon.
             The game lasted 00:22:19 (7020 turns).

zazu2006 the Chucker (Gnoll Wanderer)               Turns: 7020, Time: 00:22:20

Health: -3/65      AC:  6    Str: 14    XL:     9   Next: 29%
Magic:  12/15      EV: 13    Int: 13    God:    Vehumet [*.....]
Gold:   315        SH:  5    Dex: 12    Spells: 11/16 levels left

rFire   . .          .
                       - Unarmed
rCold   + . .        (no shield)
rNeg    + . .        y - +2 robe {rC+}
rPois   .            (no helmet)
rElec   .            p - +0 cloak
rCorr   .            d - +0 pair of gloves
SInv    .            (no boots)
Will    .....        t - amulet of reflection
Stlth   ++           w - ring of positive energy
HPRegen 0.30/turn    (no ring)
MPRegen 0.14/turn

%: reflection
@: no status effects
A: fangs 1, strong nose, distributed training
a: Renounce Religion


You were on level 6 of the Dungeon.
You worshipped Vehumet.
Vehumet was aware of your devotion.
You visited 2 branches of the dungeon, and saw 7 of its levels.

You collected 315 gold pieces.

Inventory:

Hand Weapons
 a - a +2 dagger
 c - a +0 spear
Missiles
 o - 6 boomerangs
 v - 2 poisoned darts (quivered)
Armour
 d - a +0 pair of gloves (worn)
 f - a +0 leather armour
 p - a +0 cloak (worn)
 y - a +2 robe of cold resistance (worn)
Magical Staves
 k - a staff of earth
Jewellery
 t - an amulet of reflection (around neck)
 w - a ring of positive energy (left hand)
Talismans
 s - a maw talisman
Wands
 x - a wand of roots (10)
Scrolls
 b - 3 scrolls of enchant weapon {unknown}
 e - 3 scrolls of fear
 h - 2 scrolls of identify {unknown}
 i - 2 scrolls of noise
 j - 7 scrolls of teleportation
 m - 2 scrolls of revelation {unknown}
 A - a scroll of acquirement {unknown}
 C - a scroll of enchant armour {unknown}
Potions
 g - a potion of attraction {unknown}
 l - a potion of brilliance {unknown}
 n - a potion of degeneration {unknown}
 q - a potion of heal wounds {unknown}
 r - 2 potions of curing {unknown}
 z - a potion of enlightenment {unknown}
 B - a potion of berserk rage {unknown}


   Skills:
 + Level 4.2 Fighting
 + Level 4.2 Short Blades
 + Level 4.2 Long Blades
 + Level 4.2 Axes
 + Level 4.2 Maces & Flails
 + Level 7.8 Polearms
 + Level 4.2 Staves
 + Level 4.2 Ranged Weapons
 + Level 7.8 Throwing
 + Level 5.0 Armour
 + Level 5.0 Dodging
 + Level 4.2 Stealth
 + Level 4.2 Shields
 + Level 4.2 Unarmed Combat
 + Level 4.2 Spellcasting
 + Level 3.4 Conjurations
 + Level 3.4 Hexes
 + Level 3.4 Summonings
 + Level 3.4 Necromancy
 + Level 3.4 Translocations
 + Level 3.4 Transmutations
 + Level 3.4 Fire Magic
 + Level 3.4 Ice Magic
 + Level 3.4 Air Magic
 + Level 3.4 Earth Magic
 + Level 3.4 Poison Magic
 + Level 4.6 Invocations
 + Level 6.3 Evocations
 + Level 3.4 Shapeshifting


You had 11 spell levels left.
You knew the following spells:

 Your Spells              Type           Power      Damage    Failure   Level
a - Magic Dart            Conj           44%        1d5       4%          1
b - Mephitic Cloud        Conj/Pois/Air  11%        N/A       14%         3
c - Sandblast             Erth           22%        2d7       4%          1

Your spell library contained the following spells:

 Spells                   Type           Power      Damage    Failure   Level
 Slow                     Hex            44%        N/A       4%          1
 Call Imp                 Summ           22%        N/A       8%          2
 Confusing Touch          Hex            11%        N/A       14%         3
 Vampiric Draining        Necr           11%        2d6       14%         3


Dungeon Overview and Level Annotations

Branches:
Dungeon (6/15)             Temple (1/1) D:4

Altars:
Cheibriados
Fedhas
Gozag
Hepliaklqana
Makhleb
Nemelex Xobeh
Qazlal
Uskayaw
Vehumet
Wu Jian
Yredelemnul
Zin

Shops:
D:1 [

Annotations:
D:4 3 runed translucent doors, Bediveer's ghost, weakling DsSh
D:6 Pikel


Innate Abilities, Weirdness & Mutations

You have very sharp teeth.
Your uncanny sense of smell can sniff out nearby items.
Your experience applies equally to all skills.


Message History

Pikel says, "You'll rot in Tartarus!"
Pikel hits you with a +1 whip of electrocution!
You hit Pikel but do no damage.
Pikel is almost dead.
Pikel barely misses you.
You closely miss Pikel.
Pikel is almost dead.
You barely miss Pikel. You bite Pikel.
Pikel is almost dead.
Pikel misses you.
You hit Pikel but do no damage.
Pikel is almost dead.
Pikel hits you but does no damage.
You are electrocuted!
You hit Pikel. Your bite misses Pikel.
Pikel is almost dead.
You barely miss Pikel.
Pikel is almost dead.
Pikel is no longer moving slowly.
Pikel looks more healthy.
Pikel barely misses you.
Casting: Sandblast (safe; 4% risk of failure)
Confirm with . or Enter, or press ? or * to list all spells.
Aiming: Sandblast (safe; 4% risk of failure)
Press: ? - help, Shift-Dir - straight line, f/p - Pikel
Aim: Pikel, wielding a +1 whip of electrocution and wearing a +0 robe (almost dead, 77% to hit)
The blast of sand hits Pikel.
Pikel is almost dead.
Pikel hits you with a +1 whip of electrocution.
Unknown command.
Casting: Sandblast (safe; 4% risk of failure)
Confirm with . or Enter, or press ? or * to list all spells.
Aiming: Sandblast (safe; 4% risk of failure)
Press: ? - help, Shift-Dir - straight line, f/p - Pikel
Aim: Pikel, wielding a +1 whip of electrocution and wearing a +0 robe (almost dead, 77% to hit)
The blast of sand hits Pikel but does no damage.
Pikel is almost dead.
Pikel hits you with a +1 whip of electrocution!
You are electrocuted!
* * * LOW HITPOINT WARNING * * *
Pikel hits you with a +1 whip of electrocution!
You die...

#..# #.# ########..#
#.#### #.........#
#.#... #.#######>#
#.#.## ######.##
####.#### #...#
#.......# #.......#
##..# #.####..#
#.##.##.#####..#
###.5###.#......>..#..#
#...55K@.......##.#...#
#.#.5###.#.##..#.###..##
#.#..# #.#.##...## ##...
..#.5# #.......#<###..##
#.#5.(# ###......#.#...#
##.##.# #.####.##....#
#. #(# #.# #.####.## #
#(# ##.####.####.#
#............#


You could see Pikel and 4 lemures.

Vanquished Creatures
  A water moccasin (D:6)
  An orc warrior (D:5)
  An ice beast (D:6)
  2 black bears
  5 ogres
  3 phantoms
  3 scorpions
  A centaur zombie (D:4)
  A bullfrog zombie (D:4)
  3 jellies
  A gnoll bouda (D:5)
  4 hounds
  2 iguanas
  3 sleepcaps
  3 orc wizards
  A scorpion zombie (D:4)
  3 hound zombies (D:4)
  A hound skeleton (D:4)
  8 gnolls
  6 adders
  A shadow imp (D:6)
  A white imp (D:3)
  An ufetubus (D:6)
  4 adder zombies (D:4)
  2 worms
  4 dart slugs
  5 orcs
  6 endoplasms
  A giant cockroach (D:3)
  4 goblins
  5 hobgoblins
  9 jackals
  6 kobolds
  6 quokkas
  3 ball pythons
  4 bats
  5 frilled lizards
  A jackal zombie (D:4)
  3 rats
124 creatures vanquished.

Notes
Turn   | Place    | Note
-------+----------+-------------------------------------------
     0 | D:1      | zazu2006 the Gnoll Wanderer began the quest for the Orb.
     0 | D:1      | zazu2006 set off with the following items: a +2 dagger, 3
                  | curare-tipped darts, a +0 spear, a wand of flame (3), a
                  | scroll of fear, a +0 leather armour.
     0 | D:1      | Reached XP level 1. HP: 13/13 MP: 1/1
   163 | D:1      | Reached XP level 2. HP: 14/19 MP: 2/2
   464 | D:1      | Found Ethyc's Armour Emporium.
   481 | D:1      | Found a faded altar of an unknown god.
   817 | D:2      | Reached XP level 3. HP: 19/25 MP: 3/3
  1011 | D:2      | Reached skill level 1 in Invocations
  1145 | D:2      | Reached skill level 1 in Fighting
  1145 | D:2      | Reached skill level 1 in Short Blades
  1145 | D:2      | Reached skill level 1 in Long Blades
  1145 | D:2      | Reached skill level 1 in Axes
  1145 | D:2      | Reached skill level 1 in Maces & Flails
  1145 | D:2      | Reached skill level 1 in Staves
  1145 | D:2      | Reached skill level 1 in Ranged Weapons
  1145 | D:2      | Reached skill level 1 in Stealth
  1145 | D:2      | Reached skill level 1 in Shields
  1145 | D:2      | Reached skill level 1 in Unarmed Combat
  1145 | D:2      | Reached skill level 1 in Spellcasting
  1470 | D:2      | Reached XP level 4. HP: 31/32 MP: 5/5
  1713 | D:2      | Learned a level 1 spell: Magic Dart
  1937 | D:3      | Found a burning altar of Makhleb.
  2005 | D:2      | Reached skill level 1 in Conjurations
  2005 | D:2      | Reached skill level 1 in Hexes
  2005 | D:2      | Reached skill level 1 in Summonings
  2005 | D:2      | Reached skill level 1 in Necromancy
  2005 | D:2      | Reached skill level 1 in Translocations
  2005 | D:2      | Reached skill level 1 in Transmutations
  2005 | D:2      | Reached skill level 1 in Fire Magic
  2005 | D:2      | Reached skill level 1 in Ice Magic
  2005 | D:2      | Reached skill level 1 in Air Magic
  2005 | D:2      | Reached skill level 1 in Earth Magic
  2005 | D:2      | Reached skill level 1 in Poison Magic
  2005 | D:2      | Reached skill level 1 in Shapeshifting
  2169 | D:3      | Reached XP level 5. HP: 37/37 MP: 6/6
  2494 | D:4      | Noticed a phantom
  2604 | D:4      | Noticed a black bear
  2625 | D:4      | Noticed a phantom
  2736 | D:2      | Learned a level 3 spell: Mephitic Cloud
  2789 | D:4      | Noticed a black bear
  2931 | D:3      | Killed a black bear
  2932 | D:3      | Reached skill level 5 in Evocations
  2932 | D:3      | Reached XP level 6. HP: 44/44 MP: 5/9
  3150 | D:4      | Found a staircase to the Ecumenical Temple.
  3170 | Temple   | Entered the Ecumenical Temple
  3190 | Temple   | Became a worshipper of Vehumet
  3282 | D:4      | Found a runed translucent gate.
  3282 | D:4      | Found a runed translucent gate.
  3304 | D:4      | Reached XP level 7. HP: 44/50 MP: 8/10
  3919 | D:4      | Reached XP level 8. HP: 47/57 MP: 12/12
  4112 | D:4      | Found a runed translucent gate.
  4177 | D:4      | Noticed Bediveer's ghost (weakling DsSh)
  4477 | D:5      | Entered Level 5 of the Dungeon
  4836 | D:5      | Found a stormy altar of Qazlal.
  5182 | D:5      | Reached * piety under Vehumet
  5182 | D:5      | Offered knowledge of Sandblast by Vehumet.
  5863 | D:5      | Learned a level 1 spell: Sandblast
  6145 | D:5      | Reached XP level 9. HP: 65/65 MP: 9/14
  6872 | D:6      | Noticed Pikel
  6910 | D:6      | Reached skill level 5 in Armour
  6910 | D:6      | Reached skill level 5 in Dodging
  7020 | D:6      | Slain by Pikel

Illustrated notes

Levels and vault maps discovered:
D:1:      mrwooster_arrival_statue_2, layout_basic, serial_shops, shop,
          shapermc_ecumenical_altar_notcrosses, roderic_serpentine_path
D:2:      layout_loops_corners
D:3:      layout_basic, mainiacjoe_overflow_catwalk
D:4:      layout_cave_pools, minmay_temple_entry_tees, serial_undead,
          serial_undead_c, serial_undead_d, serial_undead_d, serial_undead_d,
          serial_undead_c, serial_undead_b, serial_undead_b, serial_undead_f,
          gammafunk_ghost_necromancy, chequers_serial_rivers_small_b,
          dk_noncrumbling_2
D:5:      layout_basic, nicolae_qazlal_scattered_showers, grunt_ministairs_15,
          minmay_small_thing
D:6:      layout_loops_ring, uniq_pikel
Temple:   nicolae_temple_two_arcs

Skill      XL: |  1  2  3  4  5  6  7  8  9 |
---------------+----------------------------+-----
Invocations    | 1 2 3 4 |  4.6
Fighting       | 1 2 3 4 |  4.2
Short Blades   | 1 2 3 4 |  4.2
Long Blades    | 1 2 3 4 |  4.2
Axes           | 1 2 3 4 |  4.2
Maces & Flails | 1 2 3 4 |  4.2
Staves         | 1 2 3 4 |  4.2
Ranged Weapons | 1 2 3 4 |  4.2
Stealth        | 1 2 3 4 |  4.2
Shields        | 1 2 3 4 |  4.2
Unarmed Combat | 1 2 3 4 |  4.2
Spellcasting   | 1 2 3 4 |  4.2
Conjurations   | 1 2 3 |  3.4
Hexes          | 1 2 3 |  3.4
Summonings     | 1 2 3 |  3.4
Necromancy     | 1 2 3 |  3.4
Translocations | 1 2 3 |  3.4
Transmutations | 1 2 3 |  3.4
Fire Magic     | 1 2 3 |  3.4
Ice Magic      | 1 2 3 |  3.4
Air Magic      | 1 2 3 |  3.4
Earth Magic    | 1 2 3 |  3.4
Poison Magic   | 1 2 3 |  3.4
Shapeshifting  | 1 2 3 |  3.4
Armour         | 3 4 5 |  5.0
Dodging        | 3 4 5 |  5.0
Evocations     | 5 6 |  6.3
Polearms       | 7 |  7.8
Throwing       | 7 |  7.8

Action                     |  1- 3 |  4- 6 |  7- 9 || total
---------------------------+-------+-------+-------++-------
  Melee: Spear             |   137 |   250 |   386 ||   773
         Bite              |    10 |    28 |    58 ||    96
         Punch             |     1 |     6 |    19 ||    26
         Unarmed           |       |       |    10 ||    10
  Throw: Dart              |     2 |     6 |    45 ||    53
         Boomerang         |       |       |     2 ||     2
   Cast: Mephitic Cloud    |       |     1 |    10 ||    11
         Magic Dart        |       |     2 |    16 ||    18
         Sandblast         |       |       |    27 ||    27
  Evoke: Wand              |       |     1 |    12 ||    13
    Use: Scroll            |       |     1 |     2 ||     3
   Stab: Sleeping          |     2 |     4 |     1 ||     7
         Confused          |       |       |     9 ||     9
 Armour: Leather armour    |    18 |    73 |    57 ||   148
         Robe              |       |       |     5 ||     5
  Dodge: Dodged            |    45 |   137 |   151 ||   333
  Block: Other             |       |     4 |    47 ||    51

Table legend: (Time is in decaauts)
 A = Elapsed time spent in this place.
 B = Non-inter-level travel time spent in this place.
 C = Inter-level travel time spent in this place.
 D = Time resting spent in this place.
 E = Time spent auto-exploring this place.
 F = Levels seen in this place.
 G = Mean time per level.
                   A        B        C        D        E       F      G
               +--------+--------+--------+--------+--------+-----+--------+
         Total |   6834 |   6655 |    179 |    439 |   4268 |   7 |  976.3 |
       Dungeon |   6809 |   6638 |    171 |    439 |   4268 |   6 | 1134.8 |
        Temple |     25 |     17 |      8 |      0 |      0 |   1 |   25.0 |
               +--------+--------+--------+--------+--------+-----+--------+

Top non-repeatable levels by time:
     D:5: 1658 daAuts
     D:3: 1318 daAuts
     D:4: 1208 daAuts
     D:2: 1020 daAuts
     D:6: 826 daAuts
     D:1: 778 daAuts
  Temple: 25 daAuts
